 Dungeon Crawl Stone Soup version 0.28.0-53-g5a82cb258f (webtiles) character file.

Game seed: 5049209589460276563

24427 mcbry74 the Impaler (level 13, 0/89 (98) HPs)
             Began as a Merfolk Gladiator on July 18, 2022.
             Was the Champion of Okawaru.
             Slain by Urug
             ... wielding a +1 great mace of draining
              (11 damage)
             ... on level 1 of the Lair of Beasts.
             The game lasted 01:20:24 (20133 turns).

mcbry74 the Impaler (Merfolk Gladiator)            Turns: 20133, Time: 01:20:24

HP:   0/89 (98)     AC: 10    Str: 19    XL:     13   Next: 13%
MP:   18/18         EV: 17    Int: 11    God:    Okawaru [******]
Gold: 803           SH:  5    Dex: 20    Spells: 12/12 levels left

rFire   . . .      SeeInvis .   F - +3 halberd of Uncomfortable Rashes {flame, rElec Str+3 Int+2}
rCold   . . .      Faith    .   (shield currently unavailable)
rNeg    . . .      Spirit   .   t - +1 ring mail of the Original Sin {Rampage Will+ Str-2 Dex+5}
rPois   .          Reflect  +   c - +0 helmet
rElec   +          Harm     .   h - +0 cloak
rCorr   +          Rampage  +   B - +0 pair of gloves
Will    ++...                   (no boots)
Stlth   +.........              m - amulet of reflection
HPRegen 0.24/turn               M - ring of resist corrosion
MPRegen 0.16/turn               R - ring of willpower

@: mighty, marked, studying Translocations, drained
A: (nimble swimmer 2), mertail
a: Renounce Religion, Heroism, Finesse, Duel


You were on level 1 of the Lair of Beasts.
You worshipped Okawaru.
Okawaru was exalted by your worship.
You visited 3 branches of the dungeon, and saw 14 of its levels.
You also visited: Bailey.

You collected 803 gold pieces.

Inventory:

Hand Weapons
 F - the +3 halberd of Uncomfortable Rashes (weapon) {flame, rElec Str+3 Int+2}
   (You acquired it in a bailey)

   It burns those it strikes, dealing additional fire damage.
   Big, fiery blades are also staple armaments of hydra-hunters.
   Str:       It affects your strength (+3).
   Int:       It affects your intelligence (+2).
   rElec:     It insulates you from electricity.
 L - the +5 broad axe of the Leaping Viper {holy, rCorr}
   (You found it on level 8 of the Dungeon)

   It has been blessed by the Shining One to cause great damage to the undead
   and demons.
   rCorr:     It protects you from acid and corrosion.
Missiles
 o - 16 boomerangs
 s - 24 poisoned darts (quivered)
 H - 14 atropa-tipped darts
 O - 2 curare-tipped darts
 V - 7 javelins
Armour
 c - a +0 helmet (worn)
 h - a +0 cloak (worn)
 t - the +1 ring mail of the Original Sin (worn) {Rampage Will+ Str-2 Dex+5}
   (You found it in a bailey)

   Str:       It affects your strength (-2).
   Dex:       It affects your dexterity (+5).
   Rampage:   It bestows one free step when moving towards enemies.
   Will:      It increases your willpower.
 B - a +0 pair of gloves (worn)
Jewellery
 k - a ring of positive energy
 m - an amulet of reflection (around neck)
 n - an amulet of faith
 v - a ring of fire
 M - a ring of resist corrosion (left hand)
 R - a ring of willpower (right hand)
 Y - a ring of see invisible
Wands
 b - a wand of flame (17)
 j - a wand of mindburst (16)
 y - a wand of polymorph (7)
 z - a wand of iceblast (19)
 W - a wand of paralysis (6)
Scrolls
 e - 3 scrolls of vulnerability
 q - 4 scrolls of enchant armour
 r - 2 scrolls of torment
 x - 3 scrolls of immolation
 D - 3 scrolls of teleportation
 P - 2 scrolls of summoning
Potions
 g - a potion of might
 u - 2 potions of heal wounds {unknown}
 A - a potion of haste
 E - a potion of resistance
 G - a potion of cancellation {unknown}
 T - a potion of lignification {unknown}


   Skills:
 + Level 7.9 Fighting
 * Level 17.8 Polearms
 * Level 10.2 Throwing
 + Level 5.1 Armour
 + Level 10.0 Dodging
 - Level 7.3 Invocations
 + Level 6.0 Evocations


You had 12 spell levels left.
You didn't know any spells.
Your spell library contained the following spells:

 Spells                   Type           Power      Damage    Failure   Level
 Static Discharge         Conj/Air       0%         N/A       65%         2
 Gell's Gravitas          Tloc           0%         N/A       86%         3
 Lesser Beckoning         Tloc           0%         N/A       86%         3
 Ozocubu's Armour         Ice            0%         N/A       86%         3
 Teleport Other           Tloc           0%         N/A       86%         3
 Lightning Bolt           Conj/Air       0%         1d11      100%        5
 Orb of Destruction       Conj           0%         9d5       100%        7
 Ozocubu's Refrigeration  Ice            0%         4d5       100%        7
 Maxwell's Capacitive Co  Air            0%         ∞         100%        8
 Summon Guardian Golem    Hex/Summ       Unusable   N/A       N/A         3
 Spellforged Servitor     Conj/Summ      Unusable   N/A       N/A         7

Dungeon Overview and Level Annotations

Branches:
Dungeon (12/15)            Temple (1/1) D:4            Lair (1/6) D:8
    Orc (0/2) D:9          Bailey (visited)

Altars:
Ashenzari
Cheibriados
Dithmenos
Elyvilon
Fedhas
Gozag
Hepliaklqana
Kikubaaqudgha
Makhleb
Nemelex Xobeh
Okawaru
Qazlal
Ru
Sif Muna
Trog
Uskayaw
Vehumet
Wu Jian
Xom
Yredelemnul
Zin
The Shining One

Shops:
D:9 ?

Annotations:
D:5 2 runed translucent doors, Crazy Yiuf; MisterFreud's ghost, weakling GnDe
D:7 2 transporters
Lair:1 Maggie; Urug


Innate Abilities, Weirdness & Mutations

((You are very nimble when in or above water. (Stealth+, EV+, Speed+++)))
Your lower body shifts to a powerful aquatic tail in water.


Message History

The blink frog blinks!
Urug throws a javelin.
The javelin pierces through you!!
You reach to attack!
You closely miss Urug.
Urug throws a javelin.
The javelin pierces through you!
You reach to attack!
You barely miss Urug. You block Urug's attack.
You closely miss Urug.
Maggie mumbles some strange words.
Maggie attempts to bespell you! You resist with almost no effort.
Urug barely misses you.
You hit Urug. You burn Urug.
Urug is lightly wounded.
Urug hits you with a +1 great mace of draining!!
You feel drained.
The blink frog blinks!
You slash Urug! You burn Urug.
Urug is moderately wounded.
You block Urug's attack.
Maggie mumbles some strange words.
Maggie attempts to bespell you! You resist with almost no effort.
You hit Urug. You burn Urug.
Urug is moderately wounded.
Urug barely misses you.
You slash Urug! You burn Urug.
Urug is severely wounded.
You block Urug's attack.
You hit Urug. You burn Urug.
Urug is severely wounded.
Urug hits you with a +1 great mace of draining!
You feel drained.
You are too injured to fight recklessly!
You feel very mighty all of a sudden. Urug closely misses you.
Urug hits you with a +1 great mace of draining!
* * * LOW HITPOINT WARNING * * *
You feel drained.
* * * LOW HITPOINT WARNING * * *
Maggie gestures wildly while chanting.
Maggie attempts to bespell you! You resist with almost no effort.
You slash Urug! You burn Urug.
Urug is almost dead.
Urug hits you with a +1 great mace of draining!
You die...

....## #####.# ##...### #..
######.#†.#P## ##########..
###............## ##.....#.#..#
........>......P# #..........##
...............## #..........#
..............@## #..........#
..............Fo## ##.........#
......!.......F#@## #.........#
..............###.####.........#
#.............# ##.............#
#.............# #.###.#########
.............## #.# ###
#####......### ..# #.#######
#.## ## #. #.


You could see Urug (fast), Maggie and a blink frog.

Vanquished Creatures
  An orc warlord (Bailey)
  Nessos (D:12)
  The ghost of diceflayer the Unseen, a journeyman NaFi of Okawaru (D:8)
  3 hydras
  2 two-headed ogres
  6 death yaks (D:8)
  3 cyclopes
  4 kobold demonologists (D:12)
  Psyche (D:10)
  A rime drake (Lair:1)
  2 komodo dragons
  5 trolls
  2 hornets
  Grinder (D:5)
  3 blink frogs (Lair:1)
  Sigmund (D:2)
  2 shadows
  7 yaks
  A basilisk (D:9)
  3 vampire mosquitoes
  2 steam dragons (D:8)
  An acid dragon (D:9)
  Edmund (D:5)
  5 water moccasins
  An ice beast (D:7)
  14 orc warriors
  A sky beast (D:6)
  A hornet zombie (D:8)
  3 black bears
  2 ogres (D:5)
  A phantom (D:7)
  8 centaurs
  6 kobold brigands
  2 gnoll sergeants (D:8)
  11 bullfrogs
  2 wyvern zombies (D:7)
  3 scorpions
  21 killer bees
  11 electric eels (D:11)
  7 howler monkeys
  6 wights
  A crimson imp (D:8)
  5 centaur zombies
  2 bullfrog zombies
  2 hounds
  3 orc priests
  A gnoll shaman (D:5)
  A bullfrog skeleton (D:7)
  4 iguanas
  5 orc wizards
  A killer bee zombie (D:5)
  2 howler monkey zombies
  10 gnolls
  4 adders
  2 white imps (D:8)
  A worm (D:3)
  An adder skeleton (D:4)
  4 dart slugs
  32 orcs
  4 bats
  5 endoplasms
  3 giant cockroaches
  5 hobgoblins
  4 jackals (D:4)
  5 ball pythons
  A frilled lizard (D:3)
  11 goblins
  32 kobolds
  2 rats (D:2)
312 creatures vanquished.

Vanquished Creatures (others)
  7 plants
7 creatures vanquished.

Grand Total: 319 creatures vanquished

Notes
Turn   | Place    | Note
-------+----------+-------------------------------------------
     0 | D:1      | mcbry74 the Merfolk Gladiator began the quest for the Orb.
     0 | D:1      | Reached XP level 1. HP: 16/16 MP: 1/1
   149 | D:1      | Reached skill level 5 in Polearms
   149 | D:1      | Reached XP level 2. HP: 4/22 MP: 2/2
   724 | D:1      | Reached skill level 6 in Polearms
   724 | D:1      | Reached XP level 3. HP: 27/27 MP: 3/3
  1341 | D:2      | Noticed Sigmund
  2017 | D:3      | Reached skill level 7 in Polearms
  2017 | D:3      | Reached XP level 4. HP: 33/33 MP: 4/4
  2334 | D:4      | Reached skill level 8 in Polearms
  2334 | D:4      | Reached XP level 5. HP: 24/38 MP: 5/5
  2489 | D:4      | Reached skill level 9 in Polearms
  2650 | D:4      | Found a staircase to the Ecumenical Temple.
  2659 | Temple   | Entered the Ecumenical Temple
  2855 | Temple   | Became a worshipper of Warmaster Okawaru
  3520 | D:4      | Reached XP level 6. HP: 44/44 MP: 6/6
  3529 | D:4      | Noticed a black bear
  3552 | D:4      | Killed a black bear
  3553 | D:4      | Reached skill level 10 in Polearms
  3865 | D:4      | Found a radiant altar of Vehumet.
  3865 | D:4      | Found an ancient bone altar of Kikubaaqudgha.
  3867 | D:4      | Found a shimmering blue altar of Sif Muna.
  3910 | D:5      | Entered Level 5 of the Dungeon
  4235 | D:5      | Noticed an orc warrior
  4425 | D:5      | Noticed a black bear
  4630 | D:4      | Killed a black bear
  4631 | D:4      | Reached skill level 11 in Polearms
  4631 | D:4      | Reached XP level 7. HP: 37/50 MP: 7/7
  4797 | D:4      | Reached * piety under Okawaru
  4859 | D:5      | Noticed Grinder
  4930 | D:5      | Reached skill level 12 in Polearms
  5338 | D:5      | Reached skill level 13 in Polearms
  5338 | D:5      | Reached XP level 8. HP: 56/56 MP: 8/8
  5363 | D:5      | Reached ** piety under Okawaru
  5368 | D:5      | Noticed Edmund
  5393 | D:5      | Killed Edmund
  5522 | D:5      | Reached skill level 14 in Polearms
  5781 | D:5      | Noticed MisterFreud's ghost (weakling GnDe)
  6020 | D:5      | Killed Grinder
  6021 | D:5      | Reached skill level 1 in Invocations
  6278 | D:5      | Found a runed translucent door.
  6304 | D:5      | Found a runed translucent door.
  6305 | D:5      | Noticed Crazy Yiuf
  6626 | D:2      | Found a faded altar of an unknown god.
  6758 | D:2      | Killed Sigmund
  6759 | D:2      | Reached skill level 1 in Armour
  7081 | D:6      | Reached skill level 5 in Dodging
  7081 | D:6      | Reached XP level 9. HP: 9/64 MP: 10/10
  7498 | D:6      | Reached *** piety under Okawaru
  8217 | D:6      | Found a hazy altar of Hepliaklqana.
  8994 | D:7      | Found a transporter.
  9278 | D:7      | Found a transporter.
  9522 | D:7      | Reached skill level 5 in Throwing
  9696 | D:7      | Reached skill level 1 in Evocations
  9861 | D:7      | Noticed a cyclops
  9908 | D:7      | Killed a cyclops
  9979 | D:7      | Found a white marble altar of Elyvilon.
  9979 | D:7      | Found a glowing golden altar of the Shining One.
  9979 | D:7      | Found a glowing silver altar of Zin.
 10487 | D:8      | HP: 2/66 [steam dragon] (4)]
 10494 | D:8      | Reached XP level 10. HP: 10/73 MP: 12/12
 10922 | D:8      | Noticed a death yak
 10928 | D:8      | Found a runed translucent gate.
 10928 | D:8      | Found a runed translucent gate.
 10928 | D:8      | Found a runed translucent gate.
 10931 | D:8      | Noticed an 11-headed hydra
 10931 | D:8      | Noticed diceflayer's ghost (journeyman NaFi)
 10972 | D:8      | Found a flagged portal.
 11000 | Bailey   | Entered a bailey
 11208 | Bailey   | Noticed an orc warlord
 11550 | Bailey   | Reached **** piety under Okawaru
 11565 | Bailey   | Found a runed translucent gate.
 11566 | Bailey   | Found a runed translucent gate.
 11567 | Bailey   | Found a runed translucent gate.
 11692 | Bailey   | Killed an orc warlord
 11693 | Bailey   | Reached skill level 5 in Fighting
 12003 | Bailey   | Identified the +1 ring mail of the Original Sin {Rampage
                  | Will+ Str-2 Dex+5}
 12023 | Bailey   | Acquired the +3 halberd of Uncomfortable Rashes {flame,
                  | rElec Str+3 Int+2}
 12189 | D:8      | Found a staircase to the Lair.
 12189 | D:8      | Noticed a death yak
 12189 | D:8      | Noticed a death yak
 12190 | D:8      | Noticed a death yak
 12620 | D:8      | Killed diceflayer's ghost
 12621 | D:8      | Reached skill level 15 in Polearms
 12629 | D:8      | Killed a six-headed hydra
 12629 | D:8      | Reached ***** piety under Okawaru
 12630 | D:8      | Reached skill level 5 in Invocations
 12630 | D:8      | Reached XP level 11. HP: 24/81 MP: 8/14
 12636 | D:8      | Identified the +5 broad axe of the Leaping Viper {holy,
                  | rCorr}
 12927 | D:8      | Noticed a two-headed ogre
 12934 | D:8      | Killed a two-headed ogre
 12934 | D:8      | Received a gift from Okawaru
 13194 | D:8      | Found a shadowy altar of Dithmenos.
 13237 | D:8      | Noticed a death yak
 13237 | D:8      | Noticed a death yak
 13267 | D:8      | Killed a death yak
 13267 | D:8      | Received a gift from Okawaru
 13285 | D:8      | Killed a death yak
 13303 | D:8      | Killed a death yak
 13303 | D:8      | Received a gift from Okawaru
 13315 | D:8      | Killed a death yak
 13773 | D:8      | Reached skill level 16 in Polearms
 14125 | D:8      | Killed a death yak
 14125 | D:8      | Received a gift from Okawaru
 14131 | D:8      | Killed a death yak
 14274 | D:9      | Found a sparkling altar of Nemelex Xobeh.
 14338 | D:9      | Found Ijig's Magic Scroll Boutique.
 14344 | D:9      | Found a staircase to the Orcish Mines.
 14588 | D:9      | Noticed a cyclops
 14599 | D:9      | Killed a cyclops
 14599 | D:9      | Reached ****** piety under Okawaru
 14600 | D:9      | Reached XP level 12. HP: 45/89 MP: 16/16
 14618 | D:9      | Received a gift from Okawaru
 14918 | D:9      | Identified the +5 chain mail "Koq Fyemm" {rC+}
 15172 | D:9      | Found a blossoming altar of Fedhas.
 15383 | D:9      | Found a sacrificial altar of Ru.
 15536 | D:10     | Entered Level 10 of the Dungeon
 15676 | D:10     | Noticed Psyche
 15681 | D:10     | Killed Psyche
 15723 | D:10     | Reached skill level 5 in Evocations
 15727 | D:10     | Noticed a two-headed ogre
 15732 | D:10     | Killed a two-headed ogre
 15732 | D:10     | Received a gift from Okawaru
 17484 | D:11     | Reached skill level 17 in Polearms
 17486 | D:11     | Received a gift from Okawaru
 17891 | D:12     | Noticed an eight-headed hydra
 17899 | D:12     | Killed a three-headed hydra
 17899 | D:12     | Identified the +1 crystal plate armour of Gubloh {Int+3
                  | Stlth+} (Okawaru gifted it to you on level 12 of the
                  | Dungeon)
 17899 | D:12     | Received a gift from Okawaru
 18171 | D:12     | Noticed Nessos
 18185 | D:12     | Killed Nessos
 19109 | D:12     | Reached skill level 5 in Armour
 19207 | D:12     | Reached skill level 10 in Throwing
 19219 | D:12     | Reached XP level 13. HP: 98/98 MP: 18/18
 19436 | Lair:1   | Entered Level 1 of the Lair of Beasts
 19516 | Lair:1   | Identified the +8 falchion of Trauma {vorpal, rC- Will++
                  | Int+3 Dex-4}
 20093 | Lair:1   | Reached skill level 10 in Dodging
 20114 | Lair:1   | Noticed Maggie
 20114 | Lair:1   | Noticed Urug
 20133 | Lair:1   | Slain by Urug

Illustrated notes

Levels and vault maps discovered:
D:1:      nicolae_arrival_somewhat_less_tricky_arrival, layout_loops_corners,
          serial_forest, infiniplex_forest_clump_curved,
          infiniplex_forest_lined_ring, infiniplex_forest_straight_4,
          infiniplex_forest_clump_diagonal, infiniplex_forest_lined_2,
          infiniplex_forest_lined_2, chequers_serial_rivers_micro_d,
          minmay_nonomino_d4
D:2:      layout_rooms, hellmonk_ecumenical_altar_blasted, uniq_sigmund
D:3:      layout_basic, kennysheep_doodads, hangedman_decor_riveting
D:4:      nicolae_cairo_tiling_large, layout_loops_corners,
          grunt_temple_overflow_magic_moments, minmay_temple_entry_butterflies,
          chequers_big_river
D:5:      layout_basic, hellmonk_ghost_happy_afterlife, uniq_edmund,
          uniq_grinder, uniq_crazy_yiuf_cottage
D:6:      layout_layer_cave, nzn_hepliaklqana_mist_gate, minmay_misc_feat_alley
D:7:      gammafunk_cloud_chamber, layout_layer_cave, good_gods_mini_temple
D:8:      minmay_four_partial_circles, layout_loops_ring,
          nicolae_dithmenos_through_a_glass_darkly, dpeg_lair_monsters,
          gammafunk_ghost_hydra_chop, enter_bailey_6, minivault_22,
          minmay_splitting_lines, minmay_fire_ice_demons
D:9:      layout_cave_pools, fedhas_bush_and_centaur_altar,
          nemelex_xobeh_ov_fountains_minmay, marbit_many_paths, orc_0_dummy,
          nicolae_stop_n_shop_2, minmay_checkerbox
D:10:     layout_cave_pods, eino_jars, uniq_psyche
D:11:     layout_irregular_city, kennysheep_boxes
D:12:     layout_loops_ring, uniq_nessos
Temple:   minmay_temple_curvy_loop
Lair:1:   layout_cave_pods, beast_lair_carwin_8, uniq_maggie, uniq_nergalle,
          uniq_urug

Skill      XL: |  1  2  3  4  5  6  7  8  9 10 11 12 13 |
---------------+----------------------------------------+-----
Polearms       | 5 6 7 8 9 11 13 14 15 16 17 | 17.8
Throwing       | 3 5 7 8 10 | 10.2
Invocations    | 2 3 5 6 7 |  7.3
Fighting       | 3 4 5 6 7 |  7.9
Armour         | 1 2 3 4 5 |  5.1
Dodging        | 5 6 7 8 9 10 | 10.0
Evocations     | 1 3 4 5 6 |  6.0

Action                   |  1- 3 |  4- 6 |  7- 9 | 10-12 | 13-15 || total
-------------------------+-------+-------+-------+-------+-------++-------
Melee: Trident           |    91 |   202 |   314 |   122 |       ||   729
       Punch             |       |     4 |     5 |     1 |       ||    10
       Halberd           |       |       |       |   497 |    46 ||   543
       Tailslap          |       |       |       |    12 |       ||    12
       Broad axe         |       |       |       |     9 |       ||     9
Throw: Dart              |     2 |     3 |    45 |    27 |    11 ||    88
       Throwing net      |       |     2 |     2 |       |       ||     4
       Boomerang         |       |       |    40 |    86 |       ||   126
       Stone             |       |       |     1 |     1 |       ||     2
       Javelin           |       |       |       |       |     4 ||     4
Invok: Heroism           |       |       |     2 |     4 |       ||     6
       Finesse           |       |       |       |     4 |       ||     4
Evoke: Wand              |       |       |       |    28 |       ||    28
  Use: Scroll            |       |       |     6 |     5 |     1 ||    12
       Potion            |       |       |     2 |       |     2 ||     4
 Stab: Held in net/web   |       |       |     2 |       |       ||     2
       Sleeping          |       |       |     1 |     1 |       ||     2
       Invisible         |       |       |       |     2 |       ||     2
Armor: Leather armour    |     6 |    33 |    33 |     2 |       ||    74
       Ring mail         |       |       |       |    75 |     4 ||    79
Dodge: Dodged            |    50 |    76 |    73 |   270 |    28 ||   497
Block: Other             |     3 |    23 |    27 |    79 |     8 ||   140
       Reflection        |       |     1 |     1 |     9 |       ||    11
